Match 45735806
Unlisted

Match 45735806
End
Construct Weapon Support Center
Scout Squad
Bazooka Squad
M1919 Machine Gun Team
M1919 Machine Gun Team
M1919 Machine Gun Team
Selects Special Operations Battlegroup
Selects Raiding Flares
Bazooka Squad
M1919 Machine Gun Team
Air Support Center
Improved M9 Bazooka Rockets
Grasshopper Recon Run
P-47 Strafing Run
翡翠花音,天下第一
靈魂收割者十分簡單對
JEFG
Seocheon
0
0

Comments sign in to comment!

No comments posted yet!